 Dungeon Crawl Stone Soup version 0.16-a0-3761-g2321f2b (webtiles) character file.

123 BluebellGnoll the Caregiver (level 4, -8/39 HPs)
             Began as a Deep Dwarf Healer on Jan 24, 2015.
             Was a Believer of Elyvilon.
             Mangled by an ogre
             ... wielding a +0 giant club
              (17 damage)
             ... on level 3 of the Dungeon.
             The game lasted 00:14:56 (2130 turns).

BluebellGnoll the Caregiver (Deep Dwarf Healer)     Turns: 2130, Time: 00:14:56

Health: -8/39      AC:  7    Str: 17    XL:     4   Next: 80%
Magic:  6/8        EV: 11    Int: 12    God:    Elyvilon [**....]
Gold:   134        SH:  0    Dex: 12    Spells: 0 memorised, 3 levels left

rFire  . . .     SeeInvis .     i - +0 spear (flame)
rCold  . . .     Clarity  .     v - +1 ring mail
rNeg   . . .     SustAb   .     (no shield)
rPois  .         Gourm    .     (no helmet)
rElec  .         Spirit   .     e - +0 cloak
rCorr  .         Warding  .     (no gloves)
rMut   .         Stasis   .     (no boots)
MR     .....                    (no amulet)
Stlth  ++........               (no ring)
                                (no ring)

@: non-regenerating, drained, not resistant to hostile enchantments, unstealthy
A: damage resistance, recharge devices, sense surroundings 1, slow healing 3
a: Device Recharging, Lesser Healing, Lesser Self-Healing, Divine Protection,
Purification, Renounce Religion


You were on level 3 of the Dungeon.
You worshipped Elyvilon.
Elyvilon was pleased with you.
You were hungry.

You visited 1 branch of the dungeon, and saw 4 of its levels.

You collected 134 gold pieces.

Inventory:

Hand weapons
 g - a +0 short sword
 i - a +0 spear of flaming (weapon)
 j - a +1 hand axe
Missiles
 n - a throwing net (quivered)
Armour
 e - a +0 cloak (worn)
 v - a +1 ring mail (worn)
Magical devices
 d - a wand of heal wounds (3)
 u - a wand of teleportation (9)
Scrolls
 h - a scroll of identify
 l - a scroll of teleportation
Potions
 b - 5 potions of curing
 c - 2 potions of heal wounds
 o - a potion of brilliance
 r - a potion of experience
Comestibles
 a - a chunk of flesh
 f - 2 bread rations
 m - 2 beef jerkies
 s - a meat ration


   Skills:
 - Level 2.1 Fighting
 - Level 2.1 Dodging
 - Level 3.6 Stealth
 + Level 5.1 Invocations


You had 3 spell levels left.
You didn't know any spells.

Dungeon Overview and Level Annotations

Branches:
Dungeon (4/15)
 Temple: D:4-7

Altars:
Ashenzari
Ru

Annotations:
D:4 miro's ghost, experienced GrFi


Innate Abilities, Weirdness & Mutations

You are resistant to damage.
You can recharge devices by infusing magical energy.
You passively map a small area around you.
You do not heal naturally.


Message History

You are too injured to fight recklessly!
Evoke which item? (* to show all) (? for menu, Esc to quit)
Zapping:
d - a wand of heal wounds (4)
Press: ? - help, Shift-Dir - straight line, f - you, p - ogre You feel much better.
This wand has 3 charges left.
The ogre barely misses you.
Drink which item? (? for menu, Esc to quit)
Okay, then.
You barely miss the ogre.
The ogre is moderately wounded.
The ogre barely misses you.
You hit the ogre. You burn the ogre.
The ogre is severely wounded.
You hit the ogre. You burn the ogre.
The ogre is severely wounded.
The ogre hits you with a giant club!!
* * * LOW HITPOINT WARNING * * *
You closely miss the ogre.
The ogre is severely wounded.
The ogre hits you with a giant club!!
You die...

#..#..#.. ##.###.#.#
########..# #...#
#....##..## ##.##
#######....##..# #.#
#.............#########
#..####....#<##........
* #.......#......###
##@.........#.### *
###O.....#[...#.#
#.....###....##.# *
*#.#.###....#.##.#
#..#.##..#..#.##.# , ,
#.##.##.##..#....### ,
* ..,................#
#.. ..##..#.(.......# ,
#. ...##.##.##....###


You could see an ogre.

Vanquished Creatures
  Crazy Yiuf (D:2)
  2 giant mites
  A worm (D:2)
  A ball python (D:1)
  3 bats
  4 giant cockroaches
  2 goblins
  9 hobgoblins
  A quokka (D:2)
  3 giant newts
  A jackal skeleton (D:4)
  2 kobolds
  3 rats
33 creatures vanquished.

Vanquished Creatures (others)
  A giant mite (D:1)
  A kobold (D:1)
  A giant cockroach (D:1)
  A rat (D:4)
4 creatures vanquished.

Grand Total: 37 creatures vanquished

Notes
Turn   | Place    | Note
--------------------------------------------------------------
     0 | D:1      | BluebellGnoll, the Deep Dwarf Healer, began the quest for the Orb.
     0 | D:1      | Reached XP level 1. HP: 16/16 MP: 2/2
    53 | D:1      | Reached skill level 1 in Stealth
   226 | D:1      | Reached XP level 2. HP: 18/24 MP: 4/4
   728 | D:1      | Reached XP level 3. HP: 21/30 MP: 5/5
   798 | D:2      | You fall through a shaft for 2 floors!
   800 | D:4      | Noticed miro's ghost (experienced GrFi)
   861 | D:4      | Reached skill level 4 in Invocations
   936 | D:3      | Found a shattered altar of Ashenzari.
  1100 | D:2      | Reached XP level 4. HP: 22/37 MP: 8/8
  1197 | D:2      | Reached skill level 5 in Invocations
  1210 | D:2      | Found a sacrificial altar of Ru.
  1272 | D:2      | Noticed Crazy Yiuf
  1300 | D:2      | Reached skill level 1 in Fighting
  1901 | D:2      | Killed Crazy Yiuf
  2113 | D:3      | Noticed an ogre
  2130 | D:3      | Mangled by an ogre

Action                   |  1- 3 |  4- 6 || total
-------------------------+-------+-------++-------
Melee: Short sword       |    11 |       ||    11
       Spear             |    58 |    54 ||   112
Invok: Lesser Healing    |    34 |    18 ||    52
Evoke: Wand              |       |     2 ||     2
  Use: Scroll            |     1 |    13 ||    14
       Potion            |     1 |     1 ||     2
 Stab: Sleeping          |     6 |     1 ||     7
  Eat: Chunk             |     6 |     5 ||    11
